 Dungeon Crawl Stone Soup version 0.26-a0-812-g31a745ddcd (webtiles) character file.

Game seed: 14702887754786864329

77 kae the Insei (level 4, -1/27 HPs)
             Began as a Tengu Transmuter on Nov 23, 2020.
             Slain by a phantom (7 damage)
             ... on level 3 of the Dungeon.
             The game lasted 00:01:57 (2714 turns).

kae the Insei (Tengu Transmuter)                    Turns: 2714, Time: 00:01:57

Health: -1/27      AC:  2    Str: 13    XL:     4   Next: 33%
Magic:  3/8        EV: 20    Int: 13    God:
Gold:   79         SH:  0    Dex: 20    Spells: 3/7 levels left

rFire    . . .     SeeInvis .     - Unarmed
rCold    . . .     Faith    .   (shield currently unavailable)
rNeg     . . .     Spirit   .   (armour currently unavailable)
rPois    x         Reflect  .   (helmet currently unavailable)
rElec    .         Harm     .   (cloak currently unavailable)
rCorr    .         Rampage  .   (gloves currently unavailable)
MR       +....                  (boots unavailable)
Stlth    ++........             (no amulet)
HPRegen  0.09/turn              f - ring of wizardry
MPRegen  0.11/turn              (no ring)

@: spider-form (expiring)
A: tiny, magic resistance 1, robust 1, strong 1
a: End Transformation


You were on level 3 of the Dungeon.
You were a venomous arachnid creature.
You visited 1 branch of the dungeon, and saw 3 of its levels.

You collected 79 gold pieces.

Inventory:

Hand Weapons
 i - a +2 short sword of electrocution (melded)
Armour
 a - a +0 robe (melded)
 c - a -2 ring mail
Jewellery
 f - a ring of wizardry (left front leg)
Scrolls
 b - 3 scrolls of remove curse
 g - 3 scrolls of teleportation
Potions
 d - a potion of degeneration
 e - 2 potions of mutation
 l - a potion of curing {unknown}
 m - a potion of might {unknown}
 n - a potion of haste {unknown}


   Skills:
 + Level 1.6 Fighting
 + Level 0.8 Armour
 + Level 2.5 Dodging
 * Level 4.2 Unarmed Combat
 + Level 2.2 Spellcasting
 * Level 2.2 Transmutations


You had 3 spell levels left.
You knew the following spells:

 Your Spells              Type           Power        Failure   Level
a - Beastly Appendage     Tmut           #.....       10%         1
b - Spider Form           Tmut/Pois      #.........   32%         3

Your spell library contained the following spells:

 Spells                   Type           Power        Failure   Level
 Wereblood                Tmut           #.......     13%         2
 Ice Form                 Ice/Tmut       #.......     65%         4
 Blade Hands              Tmut           #.........   82%         5


Dungeon Overview and Level Annotations

Branches:
Dungeon (3/15)

Altars:


Innate Abilities, Weirdness & Mutations

((You have a beak for a mouth.))
((You have claws for feet.))
You are resistant to hostile enchantments. (MR+)
You are robust. (+10% HP)
Your muscles are strong. (Str +2)


Message History

The spell is quite dangerous to cast (19% risk of failure)!
Continue anyway?
You turn into a venomous arachnid creature.
Your +2 short sword of electrocution melds into your body.
Your +0 robe melds into your body.
Your +2 short sword of electrocution stops crackling.
Your transformation is almost over.
You closely miss the phantom.
The phantom is almost destroyed.
The phantom completely misses you.
You barely miss the phantom.
The phantom is almost destroyed.
You barely miss the phantom.
The phantom is almost destroyed.
The phantom hits you.
* * * LOW HITPOINT WARNING * * *
The phantom blinks!
You hit the phantom but do no damage.
The phantom is almost destroyed.
The phantom hits you!
You die...

#.# #.#.......W...# #.#
#.#...........# #.#
#.#######..#.## ##.# #.#
####.#
##.####.##########.#######
#...#...##.......#........
###.#.####.##......#######
....†.# #.##..W...+
##.#######.##..)s..#
...........##...§..#
##.##########......# ...#
#......#
#############......#
#..........'......#
#.##########......# #.#
#......# ##.# ########


You could see a phantom.

Vanquished Creatures
  A hound skeleton (D:2)
  3 worms (D:2)
  A leopard gecko (D:1)
  7 bats
  A giant cockroach (D:1)
  5 goblins
  8 hobgoblins
  6 jackals
  A quokka (D:3)
  4 frilled lizards
  6 kobolds
  10 rats
53 creatures vanquished.

Notes
Turn   | Place    | Note
-------+----------+-------------------------------------------
     0 | D:1      | kae the Tengu Transmuter began the quest for the Orb.
     0 | D:1      | Reached XP level 1. HP: 12/12 MP: 4/4
   184 | D:1      | Reached XP level 2. HP: 16/16 MP: 4/6
   728 | D:1      | Reached XP level 3. HP: 20/20 MP: 7/7
   733 | D:1      | Learned a level 3 spell: Spider Form
  1568 | D:2      | Reached skill level 4 in Unarmed Combat
  1673 | D:2      | Reached XP level 4. HP: 24/25 MP: 8/8
  1934 | D:3      | Noticed a phantom
  2694 | D:3      | Gained mutation: You are resistant to hostile enchantments.
                  | (MR+) [potion of mutation]
  2694 | D:3      | Gained mutation: You are robust. (+10% HP) [potion of
                  | mutation]
  2694 | D:3      | Gained mutation: Your muscles are strong. (Str +2) [potion
                  | of mutation]
  2714 | D:3      | Slain by a phantom

Illustrated notes

Levels and vault maps discovered:
D:1:      dpeg_chamrin_arrival_tetris, layout_loops_ring,
          hangedman_decor_growths, minmay_misc_feat_plants
D:2:      layout_rooms, kennysheep_generic_room_16
D:3:      layout_basic, kennysheep_vampire_church

Skill      XL: |  1  2  3 |
---------------+----------+-----
Transmutations | 2 |  2.2
Unarmed Combat | 4 |  4.2
Fighting       | |  1.6
Armour         | |  0.8
Dodging        | |  2.5
Spellcasting   | |  2.2

Action                   |  1- 3 |  4- 6 || total
-------------------------+-------+-------++-------
Melee: Unarmed           |    64 |    23 ||    87
       Kick              |    26 |     5 ||    31
       Peck              |    11 |     3 ||    14
       Headbutt          |     1 |     1 ||     2
       Short sword       |    30 |    26 ||    56
       Punch             |       |     1 ||     1
 Cast: Beastly Appendage |    16 |     3 ||    19
       Spider Form       |       |     5 ||     5
  Use: Scroll            |       |     5 ||     5
       Potion            |       |     1 ||     1
Armor: Robe              |    10 |       ||    10
       Ring mail         |    14 |     5 ||    19
Dodge: Dodged            |    56 |    28 ||    84

Table legend: (Time is in decaauts)
 A = Elapsed time spent in this place.
 B = Non-inter-level travel time spent in this place.
 C = Inter-level travel time spent in this place.
 D = Time resting spent in this place.
 E = Time spent auto-exploring this place.
 F = Levels seen in this place.
 G = Mean time per level.
                   A        B        C        D        E       F      G
               +--------+--------+--------+--------+--------+-----+--------+
         Total |   2715 |   2624 |     91 |    514 |   1685 |   3 |  905.0 |
       Dungeon |   2715 |   2624 |     91 |    514 |   1685 |   3 |  905.0 |
               +--------+--------+--------+--------+--------+-----+--------+

Top non-repeatable levels by time:
     D:2: 1382 daAuts
     D:1: 1121 daAuts
     D:3: 212 daAuts
